 Dungeon Crawl Stone Soup version 0.31.0-11-ge490571c62 (webtiles) character file.

Game seed: 2428942592460855996

43 ProzacElf the Magician (level 3, 0/24 HPs)
             Began as a Human Hedge Wizard on Jan 31, 2024.
             Slain by a gnoll
             ... wielding a +0 spear
              (1 damage)
             ... on level 2 of the Dungeon.
             The game lasted 00:04:09 (1428 turns).

ProzacElf the Magician (Human Hedge Wizard)         Turns: 1428, Time: 00:04:10

Health: 0/24       AC:  3    Str: 10    XL:     3   Next: 58%
Magic:  7/7        EV: 12    Int: 16    God:
Gold:   135        SH:  0    Dex: 12    Spells: 2/8 levels left

rFire   . . .        a - +0 rapier
rCold   . . .        (no shield)
rNeg    . . .        f - +0 robe
rPois   .            c - +0 hat
rElec   .            (no cloak)
rCorr   .            l - +0 pair of gloves
SInv    .            (no boots)
Will    .....        (no amulet)
Stlth   ++           (no ring)
HPRegen 0.24/turn    (no ring)
MPRegen 0.10/turn

%: no passive effects
@: no status effects
A: explore regen
a: no special abilities


You were on level 2 of the Dungeon.
You visited 1 branch of the dungeon, and saw 2 of its levels.

You collected 135 gold pieces.

Inventory:

Hand Weapons
 a - a +0 rapier (weapon)
 b - a +0 sling
 e - a +0 dagger
 m - a +0 dagger of holy wrath
 n - a +0 war axe
Armour
 c - a +0 hat (worn)
 f - a +0 robe (worn)
 l - a +0 pair of gloves (worn)
 s - the +10 chain mail of Decompression {rN+ SInv}
   (You found it on level 2 of the Dungeon)

   rN+:       It protects you from negative energy.
   SInv:      It lets you see invisible.
Scrolls
 g - a scroll of teleportation {unknown}
 i - a scroll of fog {unknown}
 k - a scroll of revelation {unknown}
 o - a scroll of poison {unknown}
 r - a scroll of identify {unknown}
Potions
 d - a potion of magic
 h - a potion of ambrosia {unknown}
 p - a potion of attraction {unknown}
 q - a potion of curing {unknown}
 t - a potion of berserk rage {unknown}


   Skills:
 - Level 2.0 Dodging
 - Level 2.0 Stealth
 - Level 3.0 Spellcasting
 + Level 2.1 Conjurations
 + Level 2.0 Summonings
 + Level 2.0 Translocations


You had 2 spell levels left.
You knew the following spells:

 Your Spells              Type           Power      Damage    Failure   Level
a - Magic Dart            Conj           36%        1d4       8%          1
b - Call Imp              Summ           16%        N/A       12%         2
j - Freeze                Ice            8%         1d3       19%         1
o - Blink                 Tloc           16%        N/A       12%         2

Your spell library contained the following spells:

 Spells                   Type           Power      Damage    Failure   Level
 Slow                     Hex            8%         N/A       19%         1
 Cigotuvi's Dreadful Rot  Necr/Alch/Air  4%         N/A       28%         2
 Hailstorm                Conj/Ice       5%         3d5       36%         3
 Mephitic Cloud           Conj/Alch/Air  4%         N/A       38%         3
 Frozen Ramparts          Ice            4%         1d1       50%         3
 Tukima's Dance           Hex            2%         N/A       50%         3
 Iskenderun's Mystic Bla  Conj/Tloc      9%         2d4       61%         4
 Dimensional Bullseye     Hex/Tloc       2%         N/A       77%         4


Dungeon Overview and Level Annotations

Branches:
Dungeon (2/15)

Altars:


Innate Abilities, Weirdness & Mutations

You regain HP and MP as you explore.


Message History

Tha gnoll be severely wounded.
Tha gnoll attacks as it pursues ye!
Tha gnoll hits ye wit' a +0 whip.
Ye take 5 damage, an' haf 19/24 hp.
MASSIVE DAMAGE!!
Ye kill tha gnoll!
Yer Summonin's skill increases ta level 2!
Yer Translocations skill increases ta level 2!
Throw: 2 darts (poison)
Press: ? - help, Q - select action, (/) - cycle Shift-Dir - straight line, f - gnoll
Aim: a gnoll, wieldin' a +0 whip (56% ta hit) Ye throw a poison'd dart.
Tha poison'd dart closely misses tha gnoll.
Throw: dart (poison)
Press: ? - help, Q - select action, (/) - cycle Shift-Dir - straight line, f/p - gnoll
Aim: a gnoll, wieldin' a +0 whip (56% ta hit) Ye throw a poison'd dart.
Tha poison'd dart hits tha gnoll.
Tha gnoll be poison'd.
Tha gnoll attacks as it pursues ye!
Tha gnoll misses ye.
MP restored: 7 Tha gnoll looks more healthy.
Tha gnoll attacks as it pursues ye!
Tha gnoll hits ye but does nay damage.
Tha gnoll barely misses ye.
Tha gnoll shouts!
Tha gnoll hits ye from afar wit' a +0 spear.
Ye take 4 damage, an' haf 18/24 hp.
Tha gnoll hits ye from afar wit' a +0 spear.
Ye take 4 damage, an' haf 14/24 hp.
Tha gnoll attacks as it pursues ye!
Tha gnoll hits ye from afar wit' a +0 spear.
Ye take 3 damage, an' haf 11/24 hp.
Tha gnoll attacks as it pursues ye!
Tha gnoll hits ye from afar wit' a +0 spear.
* * * LOW HITPOINT WARNIN'
* * * Ye take 4 damage, an' haf 7/24 hp.
Tha gnoll attacks as it pursues ye!
Tha gnoll misses ye.
Tha gnoll attacks as it pursues ye!
Tha gnoll hits ye wit' a +0 whip!
* * * LOW HITPOINT WARNIN'
* * * Ye take 7 damage, an' haf 1/24 hp.
MASSIVE DAMAGE!!
Tha gnoll attacks as it pursues ye!
Tha gnoll hits ye from afar wit' a +0 spear.
Ye die...

##†.# #......#.#.............
.'..## #.....................#
##...######.....................#
#.#.#....#......................
#...#.##.#.....................#
#.#.#....####..................#
#.#<#..######.##.g.............#
#.###..# #.).##...#############
##......# ##.##.@gg.#
...####.###..##.....#
.####...##..###.....#
.####.###..## #######
......##..## ###.####.## #.>....#
#.##.### #.##.#


You could see 3 gnolls.

Vanquished Creatures
  A gnoll (D:2)
  An adder (D:2)
  2 dart slugs
  An endoplasm (D:1)
  A giant cockroach (D:2)
  2 goblins
  3 hobgoblins
  2 ball pythons (D:2)
  2 bats (D:2)
  2 kobolds
  4 rats
21 creatures vanquished.

Notes
Turn   | Place    | Note
-------+----------+-------------------------------------------
     0 | D:1      | ProzacElf the Human Hedge Wizard began the quest for the
                  | Orb.
     0 | D:1      | Reached XP level 1. HP: 13/13 MP: 4/4
   556 | D:1      | Reached XP level 2. HP: 15/19 MP: 6/6
   559 | D:1      | Learned a level 2 spell: Blink
   562 | D:1      | Learned a level 2 spell: Call Imp
   564 | D:1      | Learned a level 1 spell: Freeze
  1092 | D:2      | Reached XP level 3. HP: 24/24 MP: 4/7
  1284 | D:2      | Identified the +10 chain mail of Decompression {rN+ SInv}
  1427 | D:2      | HP: 1/24 [gnoll/+0 whip (7)]
  1428 | D:2      | Slain by a gnoll

Illustrated notes

Levels and vault maps discovered:
D:1:      nicolae_arrival_memento_mori, layout_basic
D:2:      layout_basic, minmay_crystal_water, minmay_door_square,
          kennysheep_generic_room_10

Skill      XL: |  1  2  3 |
---------------+----------+-----
Conjurations   | 2 |  2.1
Summonings     | 2 |  2.0
Translocations | 2 |  2.0
Dodging        | |  2.0
Stealth        | |  2.0
Spellcasting   | |  3.0

Action                     || total
---------------------------++-------
  Melee: Rapier            ||    16
   Fire: Sling             ||    29
  Throw: Dart              ||     5
   Cast: Magic Dart        ||    15
         Call Imp          ||     2
 Armour: Robe              ||    18
  Dodge: Dodged            ||    33

Action                     || total
---------------------------++-------
  Melee: Rapier            ||    16
   Fire: Sling             ||    29
  Throw: Dart              ||     5
   Cast: Magic Dart        ||    15
         Call Imp          ||     2
 Armour: Robe              ||    18
  Dodge: Dodged            ||    33

Levels and vault maps discovered:
D:1:      nicolae_arrival_memento_mori, layout_basic
D:2:      layout_basic, minmay_crystal_water, minmay_door_square,
          kennysheep_generic_room_10
